Map: Orbital Shipyard

Players

PtitDrogo

  • Race: Protoss Protoss
  • League: Master

Happy - Winner!

  • Race: Terran Terran
  • League: Diamond

Event: DreamHack ROCCAT LotV Championship

VOD

Have the link to the VOD?

Description

Time

  • Played on: Nov. 26, 2015, 4:22 p.m.
  • Length: 12:47

All games in this series

Show
View Real Time Build Order
Export as new Build Order

PtitDrogo Protoss 

Build Orders: 1 Gate Expand, Blink Stalkers, Colossus Rush 

Get SALT Encoding   

  12  0:01  Probe (Chrono Boost)  
  13  0:11  Probe (Chrono Boost)  
  14  0:18  Pylon  
  14  0:22  Probe (Chrono Boost)  
  15  0:36  Gateway, Probe (Chrono Boost)  
  15  0:41  Assimilator  
  16  0:47  Probe (Chrono Boost)  
  17  0:57  Probe (Chrono Boost)  
  18  1:08  Probe (Chrono Boost)  
  19  1:18  Nexus  
  19  1:27  Cybernetics Core  
  19  1:31  Probe (Chrono Boost)  
  20  1:37  Assimilator  
  20  1:42  Probe (Chrono Boost)  
  21  1:48  Pylon  
  21  1:52  Probe (Chrono Boost)  
  22  2:06  Mothership Core (Chrono Boost), Adept  
  26  2:14  Warp Gate  
  26  2:25  Probe (Chrono Boost)  
  27  2:30  Probe (Chrono Boost)  
  27  2:34  Adept  
  27  2:35  Probe (Chrono Boost)  
  31  2:39  Twilight Council  
  31  2:41  Probe (Chrono Boost)  
  32  2:46  Probe (Chrono Boost)  
  34  2:51  Probe (Chrono Boost)  
  34  2:56  Probe (Chrono Boost)  
  35  3:00  Robotics Facility  
  35  3:02  Probe (Chrono Boost)  
  36  3:07  Probe (Chrono Boost)  
  36  3:12  Gateway  
  37  3:14  Probe (Chrono Boost)  
  40  3:21  Probe (Chrono Boost), Pylon  
  40  3:25  Probe (Chrono Boost)  
  42  3:27  Pylon  
  42  3:31  Stalker  
  43  3:34  Probe (Chrono Boost)  
  43  3:35  Probe (Chrono Boost)  
  44  3:44  Probe (Chrono Boost), Blink (Chrono Boost)  
  44  3:47  Probe, Assimilator  
  46  3:48  Observer (Chrono Boost)  
  46  3:49  Assimilator  
  47  3:56  Probe  
  47  3:59  Probe  
  49  4:08  Probe  
  49  4:09  Observer  
  50  4:11  Probe, Pylon  
  52  4:21  Stalker, Probe  
  52  4:22  Stalker  
  52  4:23  Probe  
  58  4:33  Probe  
  58  4:35  Probe  
  60  4:45  Probe  
  61  4:47  Probe  
  61  4:48  Stalker x2  
  65  4:58  Probe  
  67  5:00  Probe  
  67  5:05  Robotics Bay  
  67  5:06  Observer  
  67  5:10  Probe  
  67  5:12  Probe, Nexus  
  67  5:13  Pylon  
  70  5:14  Pylon  
  70  5:19  Pylon  
  70  5:29  Observer  
  70  5:31  Probe x2  
  70  5:35  Resonating Glaives (Chrono Boost)  
  73  5:37  Stalker x2  
  77  5:42  Gateway  
  77  5:43  Probe x2, Gateway  
  77  5:49  Colossus  
  78  5:55  Probe x2  
  80  6:00  Extended Thermal Lance  
  86  6:07  Probe x2  
  84  6:18  Stalker x2  
  84  6:19  Probe x2  
  84  6:24  Probe  
  90  6:31  Probe x2  
  93  6:34  Probe  
  94  6:40  Pylon  
  94  6:42  Pylon  
  94  6:43  Probe x2, Pylon  
  94  6:45  Probe  
  97  6:50  Colossus, Pylon  
  97  6:52  Assimilator  
  97  6:53  Assimilator  
  97  6:54  Forge  
  97  6:55  Probe x2, Forge  
  105  7:04  Gateway  
  105  7:06  Gateway  
  105  7:09  Gateway  
  105  7:10  Gateway  
  105  7:19  Sentry, Adept x3  
  112  7:24  Protoss Ground Armor Level 1 (Chrono Boost)  
  112  7:25  Pylon  
  112  7:26  Pylon  
  112  7:27  Protoss Ground Weapons Level 1 (Chrono Boost)  
  112  7:37  Colossus  
  112  7:42  Pylon  
  112  7:43  Adept  
  112  7:44  Adept x3, Photon Cannon  
  118  7:49  Templar Archives  
  126  8:05  Probe  
  127  8:20  Psionic Storm  
  127  8:28  Colossus  
  127  8:32  Nexus  
  133  8:34  Pylon x2  
  133  8:36  Pylon  
  133  8:37  High Templar x3  
  133  8:40  Adept x3  
  133  8:41  Adept x2  
  149  8:47  Assimilator  
  149  8:52  Assimilator  
  149  9:02  Adept  
  149  9:03  Adept x2  
  149  9:04  High Templar  
  149  9:09  Gateway  
  157  9:10  Gateway  
  157  9:15  Adept x4  
  165  9:29  Zealot x3  
  167  9:39  High Templar  
  167  9:40  High Templar  
  134  10:03  Probe  
  135  10:10  Protoss Ground Armor Level 2 (Chrono Boost), Protoss Ground Weapons Level 2 (Chrono Boost), Probe  
  135  10:11  Probe x2  
  135  10:13  Disruptor  
  141  10:15  Probe, Pylon  
  141  10:17  Pylon  
  141  10:18  Pylon  
  141  10:20  Probe  
  142  10:22  Pylon  
  142  10:23  Probe x2  
  142  10:27  Probe  
  146  10:31  Probe  
  146  10:34  Zealot, High Templar  
  146  10:35  Probe, Zealot  
  153  10:36  Probe  
  153  10:37  Stalker x3  
  153  10:38  Stalker x2  
  153  10:40  Probe  
  166  10:43  Pylon  
  166  10:47  Stalker x2  
  166  10:48  Colossus  
  171  11:00  High Templar x4  
  171  11:01  Zealot x3  
  171  11:03  Archon  
  185  11:04  Archon  
  185  11:08  Charge (Chrono Boost)  
  185  11:19  Probe  
  185  11:21  Photon Cannon  
  185  11:24  Zealot x6  
  198  11:33  Gateway  
  198  11:34  Gateway  
  190  11:41  Stalker x2  
  169  12:08  Zealot x6  
  147  12:36  Zealot x5  
  137  12:38  Nexus  
Show
View Real Time Build Order
Export as new Build Order

Happy Terran - Winner!

Build Orders: 1/1/1, MMM Bio, Widow Mine Drop 

Get SALT Encoding   

  12  0:00  SCV  
  13  0:12  SCV  
  14  0:17  Supply Depot  
  14  0:25  SCV  
  14  0:28  Refinery  
  15  0:39  SCV  
  16  0:45  Barracks  
  16  0:51  SCV  
  17  1:03  SCV  
  18  1:15  SCV  
  19  1:32  Factory, Marine  
  20  1:33  Orbital Command  
  20  1:34  Supply Depot  
  20  1:50  Marine  
  21  1:58  SCV  
  22  2:08  Marine  
  23  2:11  SCV  
  24  2:16  Starport  
  24  2:19  Widow Mine  
  24  2:22  Supply Depot  
  26  2:23  SCV  
  26  2:26  Marine  
  28  2:35  SCV  
  29  2:43  Marine  
  30  2:47  SCV  
  31  2:57  Medivac  
  33  2:59  SCV  
  33  3:01  Command Center, Marine  
  35  3:09  Supply Depot  
  35  3:11  SCV  
  35  3:12  Refinery  
  36  3:24  Widow Mine  
  36  3:25  Barracks Reactor  
  36  3:26  SCV  
  39  3:33  Barracks  
  39  3:38  SCV  
  40  3:42  Barracks  
  40  3:45  Starport Tech Lab  
  40  3:50  SCV  
  40  3:53  Widow Mine  
  43  4:04  SCV  
  44  4:13  Marine, Orbital Command  
  44  4:14  Refinery, Marine  
  44  4:16  SCV, Medivac  
  49  4:29  SCV, Stimpack  
  49  4:30  Marauder  
  52  4:35  Barracks Tech Lab  
  52  4:42  Marine x2  
  52  4:43  SCV  
  53  4:59  Marine  
  50  5:00  Marauder  
  50  5:01  Factory Reactor, Medivac  
  50  5:03  SCV  
  50  5:04  SCV  
  57  5:07  Supply Depot  
  57  5:11  Marine  
  58  5:15  SCV  
  58  5:16  Marine  
  58  5:17  Marine  
  58  5:19  SCV  
  62  5:24  Engineering Bay  
  62  5:25  Supply Depot  
  62  5:26  Marine  
  63  5:36  Command Center, Marine  
  63  5:38  Combat Shields  
  63  5:41  SCV  
  65  5:43  SCV  
  65  5:48  Marine x2  
  68  5:53  SCV  
  68  5:55  SCV, Refinery  
  70  5:57  Terran Infantry Weapons Level 1  
  70  6:09  Supply Depot  
  70  6:10  Marauder, Marine x2  
  72  6:11  SCV  
  72  6:14  Marine  
  72  6:16  SCV  
  73  6:24  SCV, Medivac  
  73  6:25  Medivac  
  78  6:28  Marine  
  78  6:39  SCV x2, Barracks  
  75  6:49  Orbital Command  
  75  6:51  SCV, Factory Reactor  
  75  6:53  SCV, Starport  
  67  6:55  Marine x2  
  67  7:01  Marine  
  69  7:02  Liberator  
  69  7:05  Liberator  
  69  7:06  SCV x2, Barracks  
  72  7:12  Orbital Command  
  72  7:17  Marine  
  72  7:18  SCV x2  
  81  7:27  Marine, Liberator  
  81  7:29  Barracks Reactor  
  82  7:32  Liberator  
  82  7:35  SCV x2, Supply Depot  
  84  7:39  SCV, Refinery, Missile Turret  
  88  7:46  Liberator  
  88  7:47  SCV  
  92  7:53  SCV x2  
  92  7:55  Terran Infantry Armor Level 1  
  92  7:57  Supply Depot  
  94  8:00  Liberator  
  94  8:04  Marauder, Marine x2  
  101  8:07  SCV, Barracks Tech Lab  
  101  8:10  SCV x2  
  104  8:13  Refinery, Liberator  
  104  8:14  Supply Depot  
  104  8:19  SCV  
  108  8:21  Liberator  
  108  8:23  Armory  
  108  8:25  Engineering Bay  
  107  8:27  SCV  
  107  8:31  Marauder, Marine  
  113  8:37  Liberator  
  113  8:38  Marauder, Marine  
  113  8:39  Marine x2  
  122  8:46  Supply Depot  
  122  8:47  Marine  
  122  8:48  Barracks  
  122  8:51  Liberator  
  124  8:56  Marine x2  
  124  8:59  Marauder, Marine  
  124  9:01  Marine  
  124  9:02  Marauder  
  132  9:06  Liberator  
  132  9:09  Supply Depot  
  135  9:10  Supply Depot  
  135  9:14  Command Center  
  138  9:24  Marauder, Marine x3  
  138  9:25  Marine, Marauder  
  143  9:41  Liberator  
  143  9:44  Liberator  
  139  9:46  Marine  
  139  9:47  Marauder, Marine  
  130  10:01  Marine  
  130  10:02  Marine, Marauder x2  
  130  10:04  Medivac  
  139  10:09  Marauder  
  139  10:14  Marine x2  
  141  10:15  SCV x2  
  141  10:17  Barracks Tech Lab  
  141  10:20  Marine  
  141  10:21  Terran Infantry Weapons Level 2  
  145  10:22  Liberator  
  145  10:23  Marauder, Terran Infantry Armor Level 2  
  145  10:24  Marauder  
  145  10:27  Supply Depot, Missile Turret x2, SCV x2  
  149  10:30  Marauder, Liberator  
  149  10:31  Supply Depot  
  149  10:36  Liberator  
  149  10:40  Marine x2  
  149  10:41  Marauder  
  156  10:45  Liberator  
  159  10:54  Refinery  
  159  10:55  Planetary Fortress  
  159  10:57  Refinery, Missile Turret  
  159  10:58  SCV x2  
  159  11:03  Marine  
  165  11:05  Liberator  
  165  11:11  Marauder x2, Marine x3  
  169  11:20  SCV x3  
  169  11:21  Liberator x2  
  175  11:32  SCV x2  
  183  11:44  Liberator  
  174  12:01  Marine x2  
  171  12:02  SCV, Marine x2, Marauder x2  
  193  12:23  Marauder, Marine x2  

Tags
 
Add a new tag
Caveats
  • Supply blocks, unpowered buildings, or Contaminate may cause inaccurate times.
  • Supply counts are checked every 10 seconds.